 Dungeon Crawl Stone Soup version 0.25-a0-42-g6c54e25894 (webtiles) character file.

Game seed: 7070638960625761076, levelgen mode: deterministic

1211 Peloso the Slasher (level 8, -3/71 HPs)
             Began as a Minotaur Fighter on Oct 23, 2019.
             Killed from afar by an electric eel (9 damage)
             ... with a bolt of electricity
             ... on level 6 of the Dungeon.
             The game lasted 00:10:52 (3404 turns).

Peloso the Slasher (Minotaur Fighter)               Turns: 3404, Time: 00:10:52

Health: -3/71      AC: 10    Str: 21    XL:     8   Next: 22%
Magic:  7/7        EV:  7    Int:  5    God:
Gold:   288        SH: 10    Dex: 12    Spells: 7/7 levels left

rFire    . . .     SeeInvis +   a - +0 long sword
rCold    . . .     Gourm    .   c - +0 shield
rNeg     . . .     Faith    .   b - +0 chain mail
rPois    .         Spirit   .   (helmet restricted)
rElec    .         Reflect  .   (no cloak)
rCorr    .         Harm     .   (no gloves)
MR       .....                  (no boots)
Stlth    ..........             (no amulet)
HPRegen  0.21/turn              n - ring of wizardry
MPRegen  0.10/turn              (no ring)

@: very slow
A: retaliatory headbutt, horns 2, see invisible, subdued magic 1
a: no special abilities


You were on level 6 of the Dungeon.
You were very hungry.

You visited 1 branch of the dungeon, and saw 4 of its levels.

You collected 288 gold pieces.

Inventory:

Hand Weapons
 a - a +0 long sword (weapon)
Armour
 b - a +0 chain mail (worn)
 c - a +0 shield (worn)
Jewellery
 n - a ring of wizardry (left hand)
Scrolls
 e - 2 scrolls of identify {unknown}
 g - a scroll of magic mapping {unknown}
 h - 2 scrolls of immolation {unknown}
 i - a scroll of teleportation {unknown}
 j - a scroll of noise {unknown}
 k - a scroll of blinking {unknown}
 o - a scroll of random uselessness {unknown}
Potions
 d - a potion of might
 l - a potion of curing
 m - a potion of heal wounds {unknown}
 p - a potion of mutation
Comestibles
 f - 4 rations


   Skills:
 + Level 6.4 Fighting
 + Level 7.0 Long Blades
 + Level 6.2 Armour
 + Level 2.1 Dodging
 + Level 6.9 Shields


You had 7 spell levels left.
You didn't know any spells.
Your spell library was empty.

Dungeon Overview and Level Annotations

Branches:
Dungeon (3/15)

Altars:
Ashenzari
Xom

Annotations:
D:3 3 runed translucent doors, Linguinho's ghost, amateur TrHu


Innate Abilities, Weirdness & Mutations

You reflexively headbutt those who attack you in melee.
You have a pair of horns on your head.
You have supernaturally acute eyesight. (SInv)
Your spells are a little easier to cast, but a little less powerful.


Message History

The bolt of electricity hits you!
* * * LOW HITPOINT WARNING * * *
Unknown command.
You closely miss the electric eel.
The electric eel is severely wounded.
You barely miss the electric eel.
The electric eel is severely wounded.
Your unstable footing causes you to fumble your attack.
Your unstable footing causes you to fumble your attack.
Your unstable footing causes you to fumble your attack.
You hit the electric eel but do no damage.
Your headbutt misses the electric eel.
The electric eel is severely wounded.
The electric eel shoots out a bolt of lightning at you!
The bolt of electricity hits you!
* * * LOW HITPOINT WARNING * * *
Your unstable footing causes you to fumble your attack.
The electric eel shoots out a bolt of lightning at you!
The bolt of electricity hits you!
You die...

#.# ...
#.######...#
#...........
#..≈≈≈≈≈.≈≈≈
#..≈≈≈≈≈.≈≈≈
#..≈≈≈≈≈.≈≈≈
##.≈≈≈≈≈.≈≈≈
#.......≈≈≈
#.≈@≈≈.....
#.≈;≈≈.≈≈≈≈
#.≈≈≈≈.≈≈≈≈
#.≈≈≈≈.≈≈≈≈
#.≈≈≈≈.≈≈≈b
#..........
#..........
###########


You could see an electric eel.

Vanquished Creatures
  Sigmund (D:2)
  An orc warrior (D:6)
  A bullfrog (D:6)
  7 big kobolds (D:6)
  A scorpion (D:6)
  An orc wizard (D:6)
  Terence (D:2)
  Natasha (thrice) (D:2)
  A worker ant (D:6)
  Robin (D:3)
  5 adders
  3 gnolls (D:6)
  A leopard gecko (D:6)
  7 orcs
  A ball python (D:1)
  12 goblins
  13 hobgoblins
  9 jackals
  44 kobolds
  3 quokkas
  7 bats
  3 frilled lizards
  5 rats
131 creatures vanquished.

Vanquished Creatures (others)
  A butterfly (D:6)
1 creature vanquished.

Grand Total: 132 creatures vanquished

Notes
Turn   | Place    | Note
-------+----------+-------------------------------------------
     0 | D:1      | Peloso the Minotaur Fighter began the quest for the Orb.
     0 | D:1      | Reached XP level 1. HP: 19/19 MP: 0/0
   222 | D:1      | Reached XP level 2. HP: 26/27 MP: 1/1
   588 | D:1      | Gained mutation: Your spells are a little easier to cast,
                  | but a little less powerful. [potion of mutation]
   588 | D:1      | Gained mutation: You have supernaturally acute eyesight.
                  | (SInv) [potion of mutation]
   664 | D:2      | Reached XP level 3. HP: 28/33 MP: 2/2
   688 | D:2      | Noticed Sigmund
   702 | D:2      | Killed Sigmund
   702 | D:2      | Reached skill level 3 in Long Blades
   702 | D:2      | Reached skill level 5 in Armour
   702 | D:2      | Reached skill level 1 in Dodging
   702 | D:2      | Reached XP level 4. HP: 16/41 MP: 3/3
   702 | D:2      | Reached XP level 5. HP: 19/47 MP: 4/4
   705 | D:2      | Noticed Natasha
   710 | D:2      | Killed Natasha
   710 | D:2      | Reached skill level 5 in Shields
   805 | D:2      | Found a shimmering altar of Xom.
   887 | D:2      | Found a shattered altar of Ashenzari.
   992 | D:2      | Noticed Terence
   992 | D:2      | Noticed Natasha
  1005 | D:2      | Killed Terence
  1005 | D:2      | Reached skill level 4 in Long Blades
  1015 | D:2      | Reached XP level 6. HP: 48/53 MP: 5/5
  1030 | D:2      | Killed Natasha
  1146 | D:2      | Noticed Natasha
  1151 | D:2      | Killed Natasha
  1392 | D:3      | Found a runed translucent gate.
  1392 | D:3      | Found a runed translucent gate.
  1392 | D:3      | Found a runed translucent gate.
  1394 | D:3      | Noticed Linguinho's ghost (amateur TrHu)
  1447 | D:3      | Noticed Robin
  1465 | D:3      | Killed Robin
  1778 | D:3      | You fall into a shaft and drop 3 floors!
  1883 | D:6      | Noticed an orc warrior
  1915 | D:6      | Killed an orc warrior
  1915 | D:6      | Reached skill level 5 in Fighting
  1915 | D:6      | Reached skill level 5 in Long Blades
  1994 | D:6      | Reached XP level 7. HP: 7/61 MP: 6/6
  2498 | D:6      | Reached skill level 6 in Long Blades
  2660 | D:6      | Reached XP level 8. HP: 45/70 MP: 7/7
  3113 | D:6      | Found a shimmering altar of Xom.
  3151 | D:6      | Reached skill level 7 in Long Blades
  3404 | D:6      | Killed from afar by an electric eel

Levels and vault maps discovered:
D:1:      doesnt_arrival_eight_statues, layout_basic, minmay_statues_item
D:2:      layout_basic, tgw_xom, nicolae_overflow_crystal_walls, first_ration,
          uniq_sigmund, uniq_natasha, uniq_terence
D:3:      layout_loops_ring, ebering_ghost_rock_garden,
          hangedman_decor_clover_reticule, uniq_robin
D:6:      minmay_goblin_kobold_castle, layout_basic,
          minmay_temple_entry_butterflies, basic_altar, minivault_14,
          nicolae_benzene_ring

Skill      XL: |  1  2  3  4  5  6  7  8 |
---------------+-------------------------+-----
Fighting       | 4 5 6 |  6.4
Armour         | 4 5 6 |  6.2
Shields        | 4 5 6 |  6.9
Long Blades    | 3 4 5 6 7 |  7.0
Dodging        | 1 2 |  2.1

Action                   |  1- 3 |  4- 6 |  7- 9 || total
-------------------------+-------+-------+-------++-------
Melee: Long sword        |    51 |   173 |   193 ||   417
       Headbutt          |    13 |    27 |    31 ||    71
  Use: Potion            |     2 |     2 |       ||     4
  Eat: Chunk             |       |     3 |     1 ||     4
       Ration            |       |       |     1 ||     1
Armor: Scale mail        |    23 |     1 |       ||    24
       Chain mail        |       |   107 |    79 ||   186
Dodge: Dodged            |    13 |    45 |    59 ||   117
Block: Shield            |    34 |    98 |   106 ||   238
       Rpst.: Long sword |     4 |    12 |    12 ||    28

Table legend:
 A = Non-vault XP
 B = Vault XP
 C = Vault XP percentage of total XP
 D = Non-vault monster count
 E = Vault monster count
 F = Vault count percentage of total count
                 A         B        C        D         E       F
            +---------+---------+-------+---------+---------+-------
      Total |     602 |    1128 |  65.2 |      62 |      69 |  52.7
            +---------+---------+-------+---------+---------+-------
        D:1 |      27 |       0 |   0.0 |      16 |       0 |   0.0
        D:2 |     131 |     307 |  70.1 |      24 |       8 |  25.0
        D:3 |      31 |      34 |  52.3 |      10 |      11 |  52.4
        D:6 |     413 |     787 |  65.6 |      12 |      50 |  80.6
            +---------+---------+-------+---------+---------+-------
